 Dungeon Sprint DCSS version 0.28-a0-1629-gf728b707aa (webtiles) character file.

Game seed: 6110286245844601467

252 xpp the Magician (level 6, -14/53 HPs)
             Began as a Gnoll Warper on Jan 25, 2022.
             Was a Follower of Kikubaaqudgha.
             Demolished by a tentacled starspawn (18 damage)
             ... in the Dungeon (Sprint V: "Ziggurat Sprint").
             The game lasted 00:05:23 (152 turns).

xpp the Magician (Gnoll Warper)                      Turns: 152, Time: 00:05:25

Health: -14/53     AC:  3    Str: 18    XL:     6   Next: 14%
Magic:  15/15      EV: 15    Int: 12    God:    Kikubaaqudgha [*.....]
Gold:   0          SH:  8    Dex: 18    Spells: 18/18 levels left

rFire   . . .      SeeInvis .   H - +5 demon blade
rCold   . . .      Faith    .   y - +3 buckler
rNeg    . . .      Spirit   .   a - +0 leather armour
rPois   .          Reflect  .   (no helmet)
rElec   .          Harm     .   (no cloak)
rCorr   .          Rampage  .   (no gloves)
Will    .....      NoTele   +   (no boots)
Stlth   +++.......              (no amulet)
HPRegen 0.17/turn               q - +6 ring of strength
MPRegen 0.14/turn               m - +6 ring of dexterity

@: no status effects
A: fangs 1, strong nose, distributed training
a: Renounce Religion, Receive Corpses


You were in the Dungeon.
You worshipped Kikubaaqudgha.
Kikubaaqudgha was aware of your devotion.
You visited 1 branch

Inventory:

Hand Weapons
 F - a +5 hand crossbow
 H - a +5 demon blade (weapon)
 J - the +7 Singing Sword {vorpal, sonic wave}
   (You found it in the Dungeon)

   It inflicts extra damage upon your enemies.
   It radiates damaging sonic waves as it strikes, especially in combat
   involving dangerous or numerous foes.
 K - the +6 shillelagh "Devastator" {shatter}
   (You found it in the Dungeon)

   It releases a powerful concussive burst when it strikes, dealing extra damage
   to the target and all other foes adjacent to them.
 L - the +9 sword of Zonguldrok {reap}
   (You found it in the Dungeon)

   Any living foe damaged by it may be reanimated upon death as a zombie
   friendly to the wielder, with an increasing chance as more damage is dealt.
Missiles
 c - 5 boomerangs of dispersal (quivered)
 G - 1000 bolts
Armour
 a - a +0 leather armour (worn)
 y - a +3 buckler (worn)
 E - a +3 kite shield
Jewellery
 m - a +6 ring of dexterity (right hand)
 q - a +6 ring of strength (left hand)
Wands
 i - a wand of mindburst (7)
 j - a wand of iceblast (5)
 k - a wand of acid (3)
Scrolls
 b - 5 scrolls of blinking
 t - 4 scrolls of amnesia
 u - 7 scrolls of fog
 v - a scroll of holy word
 w - 5 scrolls of identify
 x - 2 scrolls of fear
Potions
 d - 10 potions of curing
 e - 10 potions of heal wounds
 f - 6 potions of haste
 g - 7 potions of magic
 h - 3 potions of berserk rage
 z - 2 potions of brilliance
 A - 2 potions of invisibility
 B - 4 potions of resistance
 D - 5 potions of might
Miscellaneous
 s - a lightning rod (3/4)


   Skills:
 + Level 6.5 Fighting
 + Level 4.4 Short Blades
 + Level 4.4 Long Blades
 + Level 4.4 Axes
 + Level 4.4 Maces & Flails
 + Level 4.4 Polearms
 + Level 4.4 Staves
 + Level 4.4 Slings
 + Level 4.4 Bows
 + Level 4.4 Crossbows
 + Level 5.2 Throwing
 + Level 5.2 Armour
 + Level 6.5 Dodging
 + Level 4.4 Stealth
 + Level 4.4 Shields
 + Level 6.5 Unarmed Combat
 + Level 6.8 Spellcasting
 + Level 3.7 Conjurations
 + Level 3.7 Hexes
 + Level 3.7 Summonings
 + Level 3.7 Necromancy
 + Level 6.6 Translocations
 + Level 3.7 Transmutations
 + Level 3.7 Fire Magic
 + Level 3.7 Ice Magic
 + Level 3.7 Air Magic
 + Level 3.7 Earth Magic
 + Level 3.7 Poison Magic
 + Level 4.9 Invocations
 + Level 4.4 Evocations


You had 18 spell levels left.
You didn't know any spells.
Your spell library contained the following spells:

 Spells                   Type           Power      Damage    Failure   Level
 Blink                    Tloc           40%        N/A       2%          2
 Gell's Gravitas          Tloc           20%        N/A       4%          3
 Lesser Beckoning         Tloc           20%        N/A       4%          3
 Teleport Other           Tloc           20%        N/A       4%          3
 Animate Skeleton         Necr           24%        N/A       5%          1
 Corpse Rot               Necr/Air       24%        N/A       9%          2
 Sublimation of Blood     Necr           12%        N/A       9%          2
 Manifold Assault         Tloc           20%        N/A       41%         5
 Agony                    Necr           12%        N/A       83%         5


Dungeon Overview and Level Annotations

Branches:
Dungeon (1/1)

Altars:
Ashenzari
Cheibriados
Dithmenos
Elyvilon
Fedhas
Gozag
Hepliaklqana
Kikubaaqudgha
Makhleb
Nemelex Xobeh
Okawaru
Qazlal
Ru
Sif Muna
Trog
Uskayaw
Vehumet
Wu Jian
Xom
Yredelemnul
Zin
The Shining One
Beogh
Jiyva
Lugonu

Annotations:
D 1 transporter


Innate Abilities, Weirdness & Mutations

You have very sharp teeth.
Your uncanny sense of smell can sniff out nearby items.
Your experience applies equally to all skills.


Message History

You can now receive cadavers from Kikubaaqudgha.
Kikubaaqudgha grants you a gift!
You add the spells Animate Skeleton, Corpse Rot, Sublimation of Blood and Agony to your library.
The iceblast engulfs the will-o-the-wisp!
The will-o-the-wisp partially resists.
The will-o-the-wisp is moderately damaged.
The iceblast engulfs the tentacled starspawn!
The tentacled starspawn is moderately damaged.
Aiming: Thunderbolt
Press: ? - help, Shift-Dir - straight line, f - tentacled starspawn
Aim: a tentacled starspawn (moderately damaged)
The thunderbolt hits the tentacled starspawn!
The tentacled starspawn is moderately damaged.
Okay, then.
Aiming: Corrosive Bolt
Press: ? - help, Shift-Dir - straight line, f/p - tentacled starspawn
Aim: a tentacled starspawn (moderately damaged, 91% to hit)
The bolt of acid hits the tentacled starspawn!!
The tentacled starspawn is severely damaged.
The will-o-the-wisp gestures.
The will-o-the-wisp conjures some foxfire! 2 foxfires come into view.
Aiming: Iceblast
Press: ? - help, Shift-Dir - straight line, p - tentacled starspawn
Okay, then.
Okay, then.
Aiming: Corrosive Bolt
Press: ? - help, Shift-Dir - straight line, f/p - tentacled starspawn
Aim: a tentacled starspawn (severely damaged, 91% to hit)
The bolt of acid hits the tentacled starspawn!!
The tentacled starspawn is almost destroyed.
The foxfire hits you!!
Ouch! That really hurt!
The foxfire hits you!!
* * * LOW HITPOINT WARNING * * *
The will-o-the-wisp blinks!
The tentacled starspawn barely misses you.
The tentacled starspawn tentacle-slaps you!!
You die...
Kikubaaqudgha rasps: "You have failed me!
Welcome... death!"

▓▓▓▓▓▓▓▓▓▓▓▓▓
▓.8©8.▓.8©8.▓
∆∆∆
▓.:v).▓.....▓
∆
▓.....▓.=.).▓
▓...§.▓.....▓
▓..§§.▓.)†..▓
▓.X§..▓..©..▓
▓..@..▓▓▓▓▓▓▓
▓▓▓▓▓▓▓ ∆∆∆
∆∆∆ ∆ ∆ ∆


You could see a tentacled starspawn and a will-o-the-wisp.

Vanquished Creatures
  A spriggan (D)
  A wolf (D)
  A shadow imp (D)
3 creatures vanquished.

Vanquished Creatures (others)
  2 foxfires (D)
2 creatures vanquished.

Grand Total: 5 creatures vanquished

Notes
Turn   | Place    | Note
-------+----------+-------------------------------------------
     0 | D        | xpp the Gnoll Warper began the quest for the Orb.
     0 | D        | Reached XP level 1. HP: 20/20 MP: 6/6
     3 | D        | Found a blossoming altar of Fedhas.
     3 | D        | Found the +6 Majin-Bo {vamp, MP+6 Int+6}
     3 | D        | Found the +9 heavy crossbow "Sniper" {vorpal, Acc+∞ SInv}
     3 | D        | Found the +10 dark maul {vorpal}
     3 | D        | Found the +15 Maxwell's patent armour {-Cast -Tele rElec
                  | Will+ rCorr}
     3 | D        | Found the +18 shield of the Gong {rElec rN+ Will+ EV-5}
     3 | D        | Found the +14 obsidian axe {vorpal, Mesm Drain Fly SInv}
     4 | D        | Found a hazy altar of Hepliaklqana.
     4 | D        | Found a viscous altar of Jiyva.
     4 | D        | Found an opulent altar of Gozag.
     4 | D        | Found a transporter.
     4 | D        | Found an ancient bone altar of Kikubaaqudgha.
    10 | D        | Found a corrupted altar of Lugonu.
    10 | D        | Found the +7 great mace "Firestarter" {inner flame, rF++}
    10 | D        | Found the +6 shillelagh "Devastator" {shatter}
    10 | D        | Found the +11 plutonium sword {Contam Stlth-}
    10 | D        | Found the +8 lance "Wyrmbane" {slay drac, rPois rF+ rC+
                  | AC+3}
    10 | D        | Found the +9 sword of Zonguldrok {reap}
    10 | D        | Found the +13 scythe of Curses {drain, Drain}
    10 | D        | Found the +5 sword of Power {vorpal}
    10 | D        | Found the +7 mace of Variability {chain chaos}
    10 | D        | Found the +7 Singing Sword {vorpal, sonic wave}
    10 | D        | Found the +8 storm bow {elec, penet}
    12 | D        | Found a burning altar of Makhleb.
    13 | D        | Found an iron altar of Okawaru.
    13 | D        | Found a sparkling altar of Nemelex Xobeh.
    13 | D        | Found a stormy altar of Qazlal.
    13 | D        | Found a sacrificial altar of Ru.
    13 | D        | Found a shimmering blue altar of Sif Muna.
    23 | D        | Found a bloodstained altar of Trog.
    73 | D        | Became a worshipper of Kikubaaqudgha
    75 | D        | Reached skill level 5 in Fighting
    75 | D        | Reached skill level 5 in Dodging
    75 | D        | Reached skill level 5 in Unarmed Combat
    75 | D        | Reached skill level 5 in Spellcasting
    75 | D        | Reached skill level 1 in Conjurations
    75 | D        | Reached skill level 1 in Hexes
    75 | D        | Reached skill level 1 in Summonings
    75 | D        | Reached skill level 1 in Necromancy
    75 | D        | Reached skill level 1 in Transmutations
    75 | D        | Reached skill level 1 in Fire Magic
    75 | D        | Reached skill level 1 in Ice Magic
    75 | D        | Reached skill level 1 in Air Magic
    75 | D        | Reached skill level 1 in Earth Magic
    75 | D        | Reached skill level 1 in Poison Magic
    75 | D        | Reached XP level 2. HP: 27/27 MP: 6/8
   106 | D        | Entered arena 2.
   106 | D        | Noticed a spriggan
   106 | D        | Noticed a wolf
   106 | D        | Found a transporter.
   110 | D        | Killed a spriggan
   111 | D        | Reached XP level 3. HP: 32/34 MP: 9/11
   111 | D        | Reached XP level 4. HP: 38/40 MP: 9/12
   111 | D        | Reached XP level 5. HP: 43/46 MP: 10/14
   112 | D        | Killed a wolf
   113 | D        | Reached skill level 5 in Throwing
   113 | D        | Reached skill level 5 in Armour
   113 | D        | Reached XP level 6. HP: 50/53 MP: 10/15
   147 | D        | Entered arena 3.
   147 | D        | Found the +7 captain's cutlass {speed, disarm}
   147 | D        | Noticed a will-o-the-wisp
   147 | D        | Noticed a tentacled starspawn
   147 | D        | Found a transporter.
   149 | D        | Reached * piety under Kikubaaqudgha
   149 | D        | Received a gift from Kikubaaqudgha
   152 | D        | Demolished by a tentacled starspawn

Illustrated notes

Levels and vault maps discovered:
D:        sprint_v [room_start, room_1, room_2, room_3, room_4, room_5, room_6,
          room_7, room_8, room_9, room_10, room_11, room_12, room_13, room_14,
          room_15, room_16, room_17, room_18, room_19, room_20, room_21,
          room_22, room_23, room_24, room_25, room_26, room_27]

Skill      XL: |  1  2  3  4  5 |
---------------+----------------+-----
Fighting       | 5 6 |  6.5
Short Blades   | 2 4 |  4.4
Long Blades    | 2 4 |  4.4
Axes           | 2 4 |  4.4
Maces & Flails | 2 4 |  4.4
Polearms       | 2 4 |  4.4
Staves         | 2 4 |  4.4
Slings         | 2 4 |  4.4
Bows           | 2 4 |  4.4
Crossbows      | 2 4 |  4.4
Throwing       | 3 4 5 |  5.2
Armour         | 3 4 5 |  5.2
Dodging        | 5 6 |  6.5
Stealth        | 2 4 |  4.4
Shields        | 2 4 |  4.4
Unarmed Combat | 5 6 |  6.5
Spellcasting   | 5 6 |  6.8
Conjurations   | 1 3 |  3.7
Hexes          | 1 3 |  3.7
Summonings     | 1 3 |  3.7
Necromancy     | 1 3 |  3.7
Transmutations | 1 3 |  3.7
Fire Magic     | 1 3 |  3.7
Ice Magic      | 1 3 |  3.7
Air Magic      | 1 3 |  3.7
Earth Magic    | 1 3 |  3.7
Poison Magic   | 1 3 |  3.7
Invocations    | 2 4 |  4.9
Evocations     | 2 4 |  4.4
Translocations | 6 |  6.6

Action                   |  1- 3 |  4- 6 || total
-------------------------+-------+-------++-------
Melee: Demon blade       |     1 |       ||     1
Evoke: Wand              |     2 |     4 ||     6
       Lightning rod     |     1 |     3 ||     4
  Use: Potion            |     1 |       ||     1
Dodge: Dodged            |     4 |     3 ||     7
Block: Buckler           |     2 |       ||     2

Table legend: (Time is in decaauts)
 A = Elapsed time spent in this place.
 B = Non-inter-level travel time spent in this place.
 C = Inter-level travel time spent in this place.
 D = Time resting spent in this place.
 E = Time spent auto-exploring this place.
 F = Levels seen in this place.
 G = Mean time per level.
                   A        B        C        D        E       F      G
               +--------+--------+--------+--------+--------+-----+--------+
         Total |    150 |    150 |      0 |     44 |      0 |   1 |  150.0 |
       Dungeon |    150 |    150 |      0 |     44 |      0 |   1 |  150.0 |
               +--------+--------+--------+--------+--------+-----+--------+

Top non-repeatable levels by time:
       D: 150 daAuts
